cohdb
Replays
Latest Replays
All Replays
Popular Replays
Top Player Replays
Match Explorer
How It Works
Community
CoH3 Stats
Reddit
Sign in to upload your games and track your stats! →
Sign in with Steam
Match 39953660
Unlisted
Match 39953660
Overview
Messages
Build Orders
End
250 Light Carrier
Selects Panzerjäger Kommand Battlegroup
Selects Mine Fields
Panzergrenadier Squad
Construct Light Support Kompanie
2.5-tonne Medical Truck
MG34 Team
Combat Half-tracks
Fire Support Elements
le.IG 18 Mechanized Group
Vehicle Survival Package
Tungsten Core Ammunition
Selects GrB 39 Grenade Launcher Requisition
Selects Tank Busters
Construct Mechanized Kompanie
Panzerjäger Squad
Selects Defensive Positions
Marder III Tank Destroyer
Panzerjäger Squad
StuG III D Assault Gun
Emergency Repair Kits
Selects Butterfly Bomb Drop
Butterfly Bomb Drop
Assault Grenadier Squad
Construct Panzerarmee Kommand
Assault Grenadier Squad
Assault Grenadier Squad
Selects Crew Shock Tactics
Walking Stuka Rocket Launcher
Assault Grenadier Squad
Butterfly Bomb Drop
Scary Bill
♤ Katzen ♤
Der Ventilator
astrostorm
ßoo
Skippynofriends
Swage
黄瓜掉里面了
0
0
Comments
sign in to comment!
No comments posted yet!